 Dungeon Crawl Stone Soup version 0.29.1-15-g9cfb28693d (webtiles) character file.

Game seed: 5921204631765748425

83 EarthwalkerPL the Trooper (level 4, -5/41 HPs)
             Began as a Minotaur Fighter on Mar 11, 2023.
             Killed by nerve-wracking pain
             ... invoked by Grinder
              (9 damage)
             ... while paralysed by Grinder
             ... on level 3 of the Dungeon.
             The game lasted 00:02:57 (2291 turns).

EarthwalkerPL the Trooper (Minotaur Fighter)        Turns: 2291, Time: 00:02:58

Health: -5/41      AC: 10    Str: 23    XL:     4   Next: 22%
Magic:  3/3        EV:  2    Int:  5    God:
Gold:   147        SH:  0    Dex:  9    Spells: 3/3 levels left

rFire   . . .      SeeInvis .   a - +0 war axe
rCold   . . .      Faith    .   c - +0 buckler
rNeg    . . .      Spirit   .   e - +3 scale mail
rPois   .          Reflect  .   (helmet restricted)
rElec   .          Harm     .   (no cloak)
rCorr   .          Rampage  .   (no gloves)
Will    .....                   (no boots)
Stlth   ..........              (no amulet)
HPRegen 0.13/turn               g - ring of wizardry
MPRegen 0.08/turn               (no ring)

@: paralysed
A: horns 2, retaliatory headbutt
a: no special abilities


You were on level 3 of the Dungeon.
You visited 1 branch of the dungeon, and saw 3 of its levels.

You collected 147 gold pieces.

Inventory:

Hand Weapons
 a - a +0 war axe (weapon)
Armour
 b - a +0 scale mail
 c - a +0 buckler (worn)
 e - a +3 scale mail (worn)
Jewellery
 g - a ring of wizardry (left hand)
 h - a ring of see invisible
Scrolls
 f - a scroll of enchant weapon {unknown}
 i - a scroll of teleportation {unknown}
 j - a scroll of blinking {unknown}
 n - a scroll of identify {unknown}
 p - a scroll of fog {unknown}
Potions
 d - a potion of might
 k - a potion of berserk rage {unknown}
 l - a potion of heal wounds {unknown}
 m - a potion of brilliance {unknown}
 o - a potion of degeneration {unknown}


   Skills:
 * Level 4.6 Fighting
 * Level 3.3 Axes
 * Level 4.5 Armour
 + Level 4.1 Shields


You had 3 spell levels left.
You didn't know any spells.
Your spell library contained the following spells:

 Spells                   Type           Power      Damage    Failure   Level
 Conjure Flame            Conj/Fire      0%         6-21      87%         3
 Ignite Poison            Fire/Tmut/Pois 0%         N/A       87%         3
 Sticky Flame             Conj/Fire      0%         2d3       99%         4


Dungeon Overview and Level Annotations

Branches:
Dungeon (3/15)

Altars:
Hepliaklqana

Shops:
D:2 (*[

Annotations:
D:3 Grinder


Innate Abilities, Weirdness & Mutations

You have a pair of horns on your head.
You reflexively headbutt those who attack you in melee.


Message History

Grinder is heavily wounded.
Grinder hits you.
You writhe in agony.
Grinder hits you but does no damage. Grinder closely misses you.
You barely miss Grinder.
Grinder is heavily wounded.
Grinder hits you.
You writhe in agony.
Grinder barely misses you.
You are too injured to fight recklessly!
You closely miss Grinder. You headbutt Grinder.
Grinder is severely wounded.
Grinder hits you.
You writhe in agony.
Grinder blinks!
Grinder gestures at you. You resist with significant effort.
You are too injured to fight recklessly!
You are too injured to fight recklessly!
You are too injured to fight recklessly!
Grinder hits you but does no damage.
You hit Grinder. You headbutt Grinder, but do no damage.
Grinder is severely wounded.
Grinder hits you.
* * * LOW HITPOINT WARNING * * *
You writhe in agony.
* * * LOW HITPOINT WARNING * * *
Grinder blinks!
You hit Grinder but do no damage. Your headbutt misses Grinder.
Grinder is severely wounded.
Grinder hits you but does no damage.
Grinder blinks!
You start resting.
Grinder gestures at you. Pain shoots through your body!
* * * LOW HITPOINT WARNING * * *
Unknown command.
Okay, then.
Okay, then.
Grinder gestures at you.
You suddenly lose the ability to move!
Grinder gestures at you.
You shrug off the repeated paralysis!
Grinder gestures at you. Pain shoots through your body!
You die...

##########
#.........#
#.........#
##.........##
............###
#.............
#.......?.....
#.@..5........
###.##........
#....###....
####.## .
#..####..###.#
#...........#
#.
#######.###....
#.#########.#
..
#....#...##.##


You could see Grinder (fast).

Vanquished Creatures
  A gnoll (D:1)
  An adder (D:2)
  2 worms
  3 dart slugs (D:1)
  6 ball pythons
  4 endoplasms
  A giant cockroach (D:1)
  4 goblins
  6 hobgoblins
  3 jackals (D:3)
  4 kobolds
  2 quokkas
  7 bats
  4 frilled lizards
  5 rats
53 creatures vanquished.

Vanquished Creatures (others)
  4 plants
4 creatures vanquished.

Grand Total: 57 creatures vanquished

Notes
Turn   | Place    | Note
-------+----------+-------------------------------------------
     0 | D:1      | EarthwalkerPL the Minotaur Fighter began the quest for the
                  | Orb.
     0 | D:1      | Reached XP level 1. HP: 19/19 MP: 0/0
   130 | D:1      | Found a hazy altar of Hepliaklqana.
   137 | D:1      | Reached XP level 2. HP: 24/27 MP: 1/1
   542 | D:1      | Reached XP level 3. HP: 33/33 MP: 2/2
  1178 | D:2      | Found Umaaqute's Weapon Shoppe.
  1793 | D:2      | Found Jif Guot's Antique Armour Shop.
  1841 | D:2      | Found Ymiorill's General Store.
  2145 | D:3      | Reached XP level 4. HP: 41/41 MP: 3/3
  2266 | D:3      | Noticed Grinder
  2272 | D:3      | Paralysed by Grinder for 3 turns
  2289 | D:3      | Paralysed by Grinder for 5 turns
  2291 | D:3      | Killed from afar by Grinder

Illustrated notes

Levels and vault maps discovered:
D:1:      matt_arrival_spirals, layout_basic, minmay_hexomino_r4
D:2:      layout_basic, serial_shops, shop, shop, shop,
          nicolae_concentric_dashed_squares_mild, corexii_shack
D:3:      cheibrodos_old_hovel, layout_rooms,
          dreamdust_ecumenical_altar_statues, nicolae_hexahallways, uniq_grinder

Skill      XL: |  1  2  3 |
---------------+----------+-----
Fighting       | 4 |  4.6
Axes           | 3 |  3.3
Armour         | 4 |  4.5
Shields        | 4 |  4.1

Action                   |  1- 3 |  4- 6 || total
-------------------------+-------+-------++-------
Melee: War axe           |    68 |    29 ||    97
       Headbutt          |     9 |     6 ||    15
Armor: Scale mail        |    32 |    19 ||    51
Dodge: Dodged            |    30 |     9 ||    39
Block: Buckler           |    11 |     5 ||    16
